 Dungeon Crawl Stone Soup version 0.29-a0-322-g68df515428 (webtiles) character file.

Game seed: 8616382618935610261

53 PaleWalker the Sneak (level 4, 0/24 HPs)
             Began as a Kobold Enchanter on Apr 5, 2022.
             Succumbed to an adder's poison
             ... on level 2 of the Dungeon.
             The game lasted 00:02:07 (1329 turns).

PaleWalker the Sneak (Kobold Enchanter)             Turns: 1329, Time: 00:02:08

Health: 0/24       AC:  2    Str:  5    XL:     4   Next: 11%
Magic:  7/7        EV: 15    Int: 16    God:
Gold:   21         SH:  0    Dex: 17    Spells: 7/7 levels left

rFire   . . .      SeeInvis .   i - +0 dagger (speed)
rCold   . . .      Faith    .   (no shield)
rNeg    . . .      Spirit   .   b - +0 robe
rPois   .          Reflect  .   (no helmet)
rElec   .          Harm     .   (no cloak)
rCorr   .          Rampage  .   (no gloves)
Will    .....                   (no boots)
Stlth   ++++......              (no amulet)
HPRegen 0.08/turn               (no ring)
MPRegen 0.10/turn               (no ring)

@: lethally poisoned (0 -> -3)
A: small, no large weapons, nightstalker 3
a: no special abilities


You were on level 2 of the Dungeon.
You visited 1 branch of the dungeon, and saw 2 of its levels.

You collected 21 gold pieces.

Inventory:

Hand Weapons
 a - a +1 dagger
 i - a +0 dagger of speed (weapon)
Armour
 b - a +0 robe (worn)
Scrolls
 d - 2 scrolls of identify {unknown}
 g - a scroll of teleportation {unknown}
Potions
 c - 2 potions of invisibility
 e - a potion of haste
 h - a potion of might
 j - a potion of lignification {unknown}
 k - a potion of berserk rage {unknown}


   Skills:
 + Level 2.5 Short Blades
 - Level 2.4 Dodging
 + Level 4.7 Stealth
 - Level 2.1 Spellcasting
 * Level 3.9 Hexes


You had 7 spell levels left.
You didn't know any spells.
Your spell library contained the following spells:

 Spells                   Type           Power      Damage    Failure   Level
 Confusing Touch          Hex            14%        N/A       12%         3
 Tukima's Dance           Hex            14%        N/A       12%         3
 Ensorcelled Hibernation  Hex/Ice        16%        N/A       14%         2
 Dazzling Flash           Conj/Hex       16%        N/A       26%         3


Dungeon Overview and Level Annotations

Branches:
Dungeon (2/15)

Altars:


Innate Abilities, Weirdness & Mutations

You are small and have problems with some larger weapons.
You are completely attuned to the shadows.


Message History

The adder closely misses you.
You miss the adder.
The adder is heavily wounded.
The adder closely misses you.
You hit the adder.
The adder is severely wounded.
You hit the adder.
The adder is almost dead.
The adder closely misses you.
You barely miss the adder.
The adder is almost dead.
The adder bites you.
* * * LOW HITPOINT WARNING * * *
You are lethally poisoned!
The adder poisons you!
You hit the adder but do no damage.
The adder is almost dead.
* * * LOW HITPOINT WARNING * * *
You feel sick. The adder closely misses you.
You closely miss the adder.
The adder is almost dead.
You closely miss the adder.
The adder is almost dead.
* * * LOW HITPOINT WARNING * * *
You feel sick. The adder misses you.
You hit the adder.
You kill the adder!
* * * LOW HITPOINT WARNING * * *
You feel sick.
You have reached level 4!
It was a potion of haste.
You feel yourself speed up.
* * * LOW HITPOINT WARNING * * *
You feel sick.
It was a potion of might.
You feel very mighty all of a sudden.
It was a potion of cancellation.
Your magical effects are unravelling.
You feel magically purged.
You feel yourself slow down.
You feel a little less mighty now.
You die...

############
...........#
...)....##.#### ####
..##................#
...........†.....##.#
...##†.#.##.##.#.##.##
.. #@##.##.##.#...<..
. #)##.##..........#
#..........#..##..
.....##.#..#..##.#
#..## #.#..#..##.#
..#.....##.# .#.##


There were no monsters in sight!

Vanquished Creatures
  2 adders (D:2)
  2 dart slugs (D:1)
  4 bats (D:1)
  3 endoplasms
  A giant cockroach (D:1)
  5 goblins
  A hobgoblin (D:2)
  2 jackals (D:1)
  A quokka (D:1)
  A ball python (D:2)
  A frilled lizard (D:1)
  2 kobolds
  5 rats
30 creatures vanquished.

Notes
Turn   | Place    | Note
-------+----------+-------------------------------------------
     0 | D:1      | PaleWalker the Kobold Enchanter began the quest for the
                  | Orb.
     0 | D:1      | Reached XP level 1. HP: 10/10 MP: 3/3
    66 | D:1      | Reached XP level 2. HP: 15/15 MP: 5/5
   578 | D:1      | Reached XP level 3. HP: 17/19 MP: 6/6
  1327 | D:2      | Reached XP level 4. HP: 2/24 MP: 7/7
  1327 | D:2      | HP: 1/24 [poisoned by an adder]
  1329 | D:2      | Succumbed to an adder's poison

Illustrated notes

Levels and vault maps discovered:
D:1:      erik_arrival_triangle_medium, layout_loops_ring,
          hangedman_decor_riveting
D:2:      layout_loops_ring

Skill      XL: |  1  2 |
---------------+-------+-----
Short Blades   | 2 |  2.5
Dodging        | |  2.4
Stealth        | |  4.7
Spellcasting   | |  2.1
Hexes          | |  3.9

Action                   |  1- 3 |  4- 6 || total
-------------------------+-------+-------++-------
Melee: Dagger            |    90 |       ||    90
       Punch             |     1 |       ||     1
  Use: Potion            |       |     3 ||     3
 Stab: Sleeping          |    16 |       ||    16
Armor: Robe              |    10 |       ||    10
Dodge: Dodged            |    55 |       ||    55

Table legend: (Time is in decaauts)
 A = Elapsed time spent in this place.
 B = Non-inter-level travel time spent in this place.
 C = Inter-level travel time spent in this place.
 D = Time resting spent in this place.
 E = Time spent auto-exploring this place.
 F = Levels seen in this place.
 G = Mean time per level.
                   A        B        C        D        E       F      G
               +--------+--------+--------+--------+--------+-----+--------+
         Total |   1296 |   1217 |     79 |    124 |    912 |   2 |  648.0 |
       Dungeon |   1296 |   1217 |     79 |    124 |    912 |   2 |  648.0 |
               +--------+--------+--------+--------+--------+-----+--------+

Top non-repeatable levels by time:
     D:1: 1152 daAuts
     D:2: 144 daAuts
